 Dungeon Crawl Stone Soup version 0.32-a0-913-g739538afd8 (webtiles) character file.

Game seed: 7854732214924901491

228 Fodor the Shield-Bearer (level 5, -1/46 HPs)
             Began as a Minotaur Fighter on Apr 8, 2024.
             Slain by a gnoll
             ... wielding a +0 flail
              (8 damage)
             ... on level 4 of the Dungeon.
             The game lasted 00:02:56 (810 turns).

Fodor the Shield-Bearer (Minotaur Fighter)           Turns: 810, Time: 00:02:56

Health: -1/46      AC:  7    Str: 22    XL:     5   Next: 70%
Magic:  4/4        EV:  6    Int:  5    God:
Gold:   66         SH: 12    Dex: 10    Spells: 4/4 levels left

rFire   . . .        a - +0 war axe
rCold   . . .        j - +0 tower shield
rNeg    . . .        b - +0 scale mail
rPois   .            (helmet restricted)
rElec   .            (no cloak)
rCorr   .            (no gloves)
SInv    .            (no boots)
Will    .....        (no amulet) Stlth
                     (no ring)
HPRegen 0.27/turn    (no ring)
MPRegen 0.09/turn

%: no passive effects
@: no status effects
A: horns 2, retaliatory headbutt
a: no special abilities


You were on level 4 of the Dungeon.
You visited 1 branch of the dungeon, and saw 3 of its levels.

You collected 66 gold pieces.

Inventory:

Hand Weapons
 a - a +0 war axe (weapon)
Missiles
 f - 3 boomerangs (quivered)
Armour
 b - a +0 scale mail (worn)
 j - a +0 tower shield (worn)
Jewellery
 i - a +6 ring of strength
Scrolls
 e - 2 scrolls of identify {unknown}
 g - 2 scrolls of enchant armour {unknown}
 h - a scroll of poison {unknown}
 l - a scroll of fog {unknown}
 m - a scroll of vulnerability {unknown}
 n - a scroll of revelation {unknown}
Potions
 c - a potion of haste {unknown}
 d - a potion of might
 k - a potion of curing {unknown}


   Skills:
 + Level 4.2 Fighting
 + Level 4.4 Axes
 + Level 1.7 Throwing
 + Level 4.5 Armour
 + Level 1.0 Dodging
 + Level 0.2 Stealth
 + Level 5.0 Shields


You had 4 spell levels left.
You didn't know any spells.
Your spell library contained the following spells:

 Spells                   Type           Power      Damage    Failure   Level
 Blink                    Tloc           0%         N/A       100%        2
 Lesser Beckoning         Tloc           0%         N/A       100%        2
 Momentum Strike          Conj/Tloc      0%         3d8       100%        2
 Dazzling Flash           Conj/Hex       0%         N/A       100%        3
 Starburst                Conj/Fire      0%         6d3       100%        6
 Maxwell's Capacitive Co  Air            0%         ∞         100%        8


Dungeon Overview and Level Annotations

Branches:
Dungeon (2/15)

Altars:

Shops:
D:1 :


Innate Abilities, Weirdness & Mutations

You have a pair of horns on your head.
You reflexively headbutt those who attack you in melee.


Message History

You block the goblin's attack.
You hit the orc.
You kill the orc!
You hit the goblin.
The gnoll hits you from afar with a +0 halberd. x2
You block the goblin's attack. You block the gnoll's attack.
You block the orc's attack. The gnoll completely misses you.
You block the goblin's attack.
Found a ring mail and 13 gold pieces.
The gnoll hits you with a +0 flail. The gnoll hits you with a +0 halberd.
You block the gnoll's attack.
You slash the gnoll!
You kill the gnoll!
You slash the goblin!
You kill the goblin!
You slash the gnoll! You closely miss the gnoll. You slash the goblin!
You kill the goblin!
You barely miss the orc. You block the orc's attack.
The gnoll hits you but does no damage. The gnoll hits you with a +0 halberd.
Your Shields skill increases to level 5!
You slash the gnoll!
The gnoll is severely wounded.
You hit the orc.
You kill the orc!
You hit the gnoll but do no damage. The gnoll completely misses you.
The gnoll hits you with a +0 halberd. The gnoll barely misses you.
You block the gnoll's attack.
You hit the gnoll.
You kill the gnoll!
You hit the gnoll. The gnoll hits you with a +0 flail.
* * * LOW HITPOINT WARNING * * *
The gnoll hits you with a +0 flail.
* * * LOW HITPOINT WARNING * * *
You see here a +0 halberd.
You closely miss the gnoll. You headbutt the gnoll.
The gnoll is almost dead.
You block the gnoll's attack.
You hit the gnoll but do no damage.
The gnoll is almost dead.
You block the gnoll's attack. The gnoll hits you with a +0 flail!
You die...

###... ##########.....
#....#.....####
##.##........# ###
#....[†...#..#
#$[.###.....)......#
#...#.))...........#
###...)g)#...........#
......)@##.............
.......###..........>...
..>.... #o..###########
......# ..... #.#...
...... #..... .......
#..... ......... #....


You could see a gnoll.

Vanquished Creatures
  Sigmund (D:2)
  2 gnolls (D:4)
  An adder (D:4)
  A ribbon worm (D:2)
  2 dart slugs
  4 orcs (D:4)
  2 endoplasms
  A giant cockroach (D:1)
  6 goblins
  2 hobgoblins (D:1)
  3 kobolds (D:1)
  2 ball pythons
  5 bats (D:1)
  A frilled lizard (D:1)
33 creatures vanquished.

Notes
Turn   | Place    | Note
-------+----------+-------------------------------------------
     0 | D:1      | Fodor the Minotaur Fighter began the quest for the Orb.
     0 | D:1      | Reached XP level 1. HP: 19/19 MP: 0/0
   218 | D:1      | Reached XP level 2. HP: 27/27 MP: 1/1
   288 | D:1      | Found Jadur's Book Shop.
   673 | D:2      | Noticed Sigmund
   681 | D:2      | Killed Sigmund
   682 | D:2      | Reached skill level 1 in Throwing
   682 | D:2      | Reached skill level 1 in Dodging
   682 | D:2      | Reached skill level 4 in Shields
   682 | D:2      | Reached XP level 3. HP: 25/33 MP: 2/2
   682 | D:2      | Reached XP level 4. HP: 30/40 MP: 3/3
   682 | D:2      | Reached XP level 5. HP: 34/46 MP: 4/4
   741 | D:2      | Found a faded altar of an unknown god.
   764 | D:2      | You fall into a shaft and drop 2 floors!
   806 | D:4      | Reached skill level 5 in Shields
   810 | D:4      | Slain by a gnoll

Illustrated notes

Levels and vault maps discovered:
D:1:      lemuel_arrival_cross, layout_loops_ring, serial_shops,
          nicolae_diamond_shop
D:2:      layout_rooms, basic_ecumenical_altar, uniq_sigmund
D:4:      layout_rooms, temple_hall, gammafunk_ghost_grave

Skill      XL: |  1  2  3  4  5 |
---------------+----------------+-----
Armour         | 4 |  4.5
Fighting       | 4 |  4.2
Axes           | 3 4 |  4.4
Throwing       | 1 |  1.7
Dodging        | 1 |  1.0
Shields        | 4 5 |  5.0
Stealth        | |  0.2

Action                     |  1- 3 |  4- 6 || total
---------------------------+-------+-------++-------
  Melee: War axe           |    39 |    18 ||    57
         Headbutt          |     3 |     3 ||     6
  Throw: Boomerang         |    22 |     3 ||    25
 Armour: Scale mail        |    30 |    20 ||    50
  Dodge: Dodged            |    12 |     6 ||    18
  Block: Tower shield      |    44 |    21 ||    65

Table legend: (Time is in decaauts)
 A = Elapsed time spent in this place.
 B = Non-inter-level travel time spent in this place.
 C = Inter-level travel time spent in this place.
 D = Time resting spent in this place.
 E = Time spent auto-exploring this place.
 F = Levels seen in this place.
 G = Mean time per level.
                   A        B        C        D        E       F      G
               +--------+--------+--------+--------+--------+-----+--------+
         Total |    857 |    857 |      0 |      0 |    524 |   3 |  285.7 |
       Dungeon |    857 |    857 |      0 |      0 |    524 |   3 |  285.7 |
               +--------+--------+--------+--------+--------+-----+--------+

Top non-repeatable levels by time:
     D:1: 704 daAuts
     D:2: 98 daAuts
     D:4: 54 daAuts
